 Dungeon Crawl Stone Soup version 0.30-a0-368-g86fb4627a9 (webtiles) character file.

Game seed: 14143518311285068321

97 hikkokomori the Conjurer (level 4, 0/21 HPs)
             Began as a Vine Stalker Conjurer on Nov 20, 2022.
             Slain by Robin
             ... wielding a +0 dagger
              (6 damage)
             ... on level 3 of the Dungeon.
             The game lasted 00:03:06 (2104 turns).

hikkokomori the Conjurer (Vine Stalker Conjurer)    Turns: 2104, Time: 00:03:06

Health: 0/21       AC:  2    Str:  9    XL:     4   Next: 68%
Magic:  0/9        EV: 12    Int: 18    God:
Gold:   107        SH:  0    Dex: 15    Spells: 8/9 levels left

rFire   . . .      SeeInvis .    h - +0 dagger
rCold   . . .      Faith    .    (no shield)
rNeg    + . .      Spirit   +    a - +0 robe
rPois   .          Reflect  .    (no helmet)
rElec   .          Harm     .    (no cloak)
rCorr   .          Rampage  .    (no gloves)
Will    .....                    (no boots)
Stlth   ++........               (no amulet)
HPRegen 1.03/turn                g - ring of positive energy
MPRegen 0.11/turn                (no ring)

@: flying
A: fangs 2, regeneration 1, magic shield, antimagic bite, no potion heal 2
a: no special abilities


You were on level 3 of the Dungeon.
You visited 1 branch of the dungeon, and saw 3 of its levels.

You collected 107 gold pieces.

Inventory:

Hand Weapons
 h - a +0 dagger (weapon)
Armour
 a - a +0 robe (worn)
Jewellery
 g - a ring of positive energy (left hand)
Scrolls
 c - a scroll of identify {unknown}
 i - a scroll of vulnerability {unknown}
 j - a scroll of enchant weapon {unknown}
 k - a scroll of noise {unknown}
 l - a scroll of poison {unknown}
Potions
 b - a potion of magic
 d - a potion of attraction {unknown}
 e - 2 potions of flight
 f - a potion of curing {unknown}
 m - a potion of lignification {unknown}


   Skills:
 + Level 2.3 Dodging
 + Level 3.7 Stealth
 + Level 3.0 Spellcasting
 + Level 4.5 Conjurations


You had 8 spell levels left.
You knew the following spells:

 Your Spells              Type           Power      Damage    Failure   Level
a - Magic Dart            Conj           76%        1d6       2%          1

Your spell library contained the following spells:

 Spells                   Type           Power      Damage    Failure   Level
 Searing Ray              Conj           38%        2d5       3%          2
 Dazzling Flash           Conj/Hex       20%        N/A       19%         3
 Ignite Poison            Fire/Tmut/Pois 2%         N/A       43%         3
 Kindle Blastsparks       Fire/Tloc/Air  4%         2d10      43%         3
 Fulminant Prism          Conj/Hex       5%         3d7       54%         4
 Iskenderun's Mystic Bla  Conj/Tloc      10%        2d4       54%         4
 Freezing Cloud           Conj/Ice/Air   4%         6-21      94%         5


Dungeon Overview and Level Annotations

Branches:
Dungeon (3/15)

Altars:

Annotations:
D:3 Robin


Innate Abilities, Weirdness & Mutations

You have extremely sharp teeth.
Your natural rate of healing is unusually fast.
When hurt, damage is shared between your health and your magic reserves.
Your bite disrupts and absorbs the magic of your enemies.
Potions cannot restore your health.


Message History

Robin is lightly wounded.
Robin completely misses you.
You hit Robin but do no damage.
Robin is lightly wounded.
Robin completely misses you.
You hit Robin but do no damage.
Robin is lightly wounded.
A hobgoblin comes into view.
Robin throws the goblin at you! The goblin hits you with a +0 club.
Robin throws the goblin at you!
You barely miss the goblin. You bite the goblin, but do no damage.
The goblin hits you with a +0 club.
* * * LOW HITPOINT WARNING * * *
Robin roars a battlecry!
You hit the goblin.
You kill the goblin!
You hit Robin but do no damage. You bite Robin, but do no damage.
Robin is lightly wounded.
Robin barely misses you.
You closely miss Robin.
Robin is lightly wounded.
Robin hits you with a +0 dagger.
* * * LOW HITPOINT WARNING * * *
You hit Robin.
Robin is lightly wounded.
Robin barely misses you.
You barely miss Robin.
Robin is lightly wounded.
Robin laughs in a distinctly smug fashion.
Robin closely misses you.
You barely miss Robin. You bite Robin, but do no damage.
Robin is lightly wounded.
Robin flexes a bicep menacingly.
Robin hits you with a +0 dagger.
* * * LOW HITPOINT WARNING * * *
It was a potion of flight.
You feel very buoyant.
You fly up into the air.
Robin hits you with a +0 dagger.
You die...

#..........#
...........#
##.........#
#...<.....#
#######.###
#.#########
#.g...)†)g#
#.#######g#
#.# #@#
######.####
#)#
#....gg...#
#.#
#...).....#
#.#
#.........#
#.#
#.........#
#<#
≈...........#
###
§...........#
≈§...########


You could see Robin (strong) and a hobgoblin (strong).

Vanquished Creatures
  Natasha (D:2)
  3 adders
  2 dart slugs (D:1)
  2 bats
  3 endoplasms (D:1)
  6 hobgoblins
  A quokka (D:1)
  2 ball pythons (D:1)
  2 frilled lizards
  11 goblins
  2 kobolds
  5 rats
40 creatures vanquished.

Notes
Turn   | Place    | Note
-------+----------+-------------------------------------------
     0 | D:1      | hikkokomori the Vine Stalker Conjurer began the quest for
                  | the Orb.
     0 | D:1      | Reached XP level 1. HP: 9/9 MP: 4/4
   148 | D:1      | Reached XP level 2. HP: 5/13 MP: 0/6
   638 | D:1      | Reached XP level 3. HP: 7/16 MP: 4/7
  1846 | D:2      | Noticed Natasha
  1857 | D:2      | Killed Natasha
  1858 | D:2      | Gained mutation: Your natural rate of healing is unusually
                  | fast. [Vine Stalker growth]
  1858 | D:2      | Reached XP level 4. HP: 10/21 MP: 4/9
  2049 | D:3      | Noticed Robin
  2104 | D:3      | Slain by Robin

Illustrated notes

Levels and vault maps discovered:
D:1:      onia_arrival_pyramid, layout_basic
D:2:      layout_basic, minmay_hedge_maze, uniq_natasha
D:3:      layout_basic, mainiacjoe_overflow_concentric_impassable,
          gammafunk_temple_overflow_elements, led_sif_pool,
          uniq_crazy_yiuf_cottage, uniq_robin

Skill      XL: |  1  2  3  4 |
---------------+-------------+-----
Stealth        | 3 |  3.7
Dodging        | 2 |  2.3
Spellcasting   | 3 |  3.0
Conjurations   | |  4.5

Action                   |  1- 3 |  4- 6 || total
-------------------------+-------+-------++-------
Melee: Unarmed           |    60 |       ||    60
       Bite              |    31 |     7 ||    38
       Dagger            |    70 |    33 ||   103
       Punch             |       |     1 ||     1
 Cast: Magic Dart        |    10 |    11 ||    21
  Use: Potion            |       |     1 ||     1
 Stab: Sleeping          |     2 |       ||     2
Armor: Robe              |    16 |    10 ||    26
Dodge: Dodged            |    77 |    13 ||    90

Table legend: (Time is in decaauts)
 A = Elapsed time spent in this place.
 B = Non-inter-level travel time spent in this place.
 C = Inter-level travel time spent in this place.
 D = Time resting spent in this place.
 E = Time spent auto-exploring this place.
 F = Levels seen in this place.
 G = Mean time per level.
                   A        B        C        D        E       F      G
               +--------+--------+--------+--------+--------+-----+--------+
         Total |   2102 |   2068 |     34 |     57 |   1675 |   3 |  700.7 |
       Dungeon |   2102 |   2068 |     34 |     57 |   1675 |   3 |  700.7 |
               +--------+--------+--------+--------+--------+-----+--------+

Top non-repeatable levels by time:
     D:1: 1071 daAuts
     D:2: 957 daAuts
     D:3: 73 daAuts
